 Dungeon Crawl Stone Soup version 0.21.1-1-g345015f (webtiles) character file.

10528 wojtek the Cleaver (level 11, -1/95 HPs)
             Began as a Minotaur Fighter on July 8, 2018.
             Was a Believer of Makhleb.
             Killed by Ozocubu's Refrigeration
             ... invoked by Fannar
              (18 damage)
             ... on level 11 of the Dungeon.
             The game lasted 00:14:52 (10572 turns).

wojtek the Cleaver (Minotaur Fighter)              Turns: 10572, Time: 00:14:53

Health: -1/95      AC: 17    Str: 24    XL:     11   Next: 37%
Magic:  15/15      EV: 10    Int:  5    God:    Makhleb [**....]
Gold:   188        SH: 11    Dex: 10    Spells: 10/10 levels left

rFire    . . .     SeeInvis .   a - +0 broad axe
rCold    . . .     Gourm    .   c - +0 shield
rNeg     . . .     Faith    .   i - +3 chain mail
rPois    +         Spirit   .   (helmet restricted)
rElec    .         Reflect  .   s - +0 cloak
rCorr    .         Harm     .   (no gloves)
MR       .....                  O - +0 pair of boots
Stlth    ..........             (no amulet)
HPRegen  0.25/turn              E - ring of poison resistance
MPRegen  0.14/turn              z - ring of flight

@: no status effects
A: retaliatory headbutt, horns 2
a: Minor Destruction, Renounce Religion, Evoke Flight


You were on level 11 of the Dungeon.
You worshipped Makhleb.
Makhleb was pleased with you.
You were not hungry.

You visited 2 branches of the dungeon, and saw 12 of its levels.

You collected 601 gold pieces.
You spent 413 gold pieces at shops.

Inventory:

Hand Weapons
 a - a +0 broad axe (weapon)
 b - a +0 war axe
 L - the +2 whip of wojtek's Death {slash, *Slow +Inv rElec Stlth-}
   (You found it on level 8 of the Dungeon)

   It inflicts extra damage upon your enemies.
   It insulates you from electricity.
   It lets you turn invisible.
   It may slow you when you take damage.
   It makes you less stealthy.
 R - a +2 war axe of flaming
Missiles
 S - a throwing net (quivered)
Armour
 c - a +0 shield (worn)
 i - a +3 chain mail (worn)
 l - a +4 ring mail
 s - a +0 cloak (worn)
 y - a +0 plate armour
 O - a +0 pair of boots (worn)
Jewellery
 o - an uncursed ring of fire
 z - a ring of flight (right hand)
 E - a ring of poison resistance (left hand)
Wands
 n - a wand of polymorph (28)
 p - a wand of paralysis (10)
 H - a wand of acid (17)
 I - a wand of digging (21)
Scrolls
 e - 5 scrolls of amnesia {unknown}
 j - 9 scrolls of identify {unknown}
 q - 2 scrolls of noise {unknown}
 r - 3 scrolls of fear
 t - 4 scrolls of magic mapping {unknown}
 u - 2 scrolls of fog {unknown}
 v - 2 scrolls of blinking
 w - 2 scrolls of immolation {unknown}
 x - 5 scrolls of teleportation
 C - 2 scrolls of random uselessness {unknown}
 G - a scroll of vulnerability {unknown}
 J - 8 scrolls of remove curse
 N - a scroll of silence {unknown}
Potions
 d - 4 potions of might
 g - 6 potions of curing
 h - 3 potions of heal wounds
 k - a potion of flight {unknown}
 m - 2 potions of brilliance {unknown}
 A - a potion of berserk rage {unknown}
 B - a potion of ambrosia {unknown}
 F - a potion of magic {unknown}
 P - a potion of haste
 Q - a potion of lignification {unknown}
Books
 M - a Young Poisoner's Handbook

   Spells                             Type                      Level
   a - Sting                          Conjuration/Poison           1
   b - Poisonous Vapours              Poison/Air                   2
   c - Mephitic Cloud                 Conjuration/Poison/Air       3
   d - Olgreb's Toxic Radiance        Poison                       4
   e - Venom Bolt                     Conjuration/Poison           5
Comestibles
 f - 11 rations
 K - 5 chunks of flesh


   Skills:
 + Level 8.9 Fighting
 + Level 11.2 Axes
 + Level 9.0 Armour
 + Level 7.3 Dodging
 + Level 8.8 Shields
 * Level 7.0 Invocations
 + Level 2.3 Evocations


You had 10 spell levels left.
You didn't know any spells.

Dungeon Overview and Level Annotations

Branches:
Dungeon (11/15)            Temple (1/1) D:7            Lair (0/6) D:10
    Orc (0/2) D:10

Altars:
Ashenzari
Cheibriados
Dithmenos
Elyvilon
Fedhas
Gozag
Hepliaklqana
Kikubaaqudgha
Makhleb
Nemelex Xobeh
Okawaru
Qazlal
Ru
Sif Muna
Trog
Uskayaw
Vehumet
Wu Jian
Xom
Yredelemnul
Zin
The Shining One

Shops:
D:6 }**!?   D:9 *

Annotations:
D:5 Merlin's ghost, novice DsCK
D:10 Snorg
D:11 Fannar


Innate Abilities, Weirdness & Mutations

You reflexively headbutt those who attack you in melee.
You have a pair of horns on your head.


Message History

You block the ice beast's attack.
Fannar points at you and mumbles some strange words.
The bolt of cold misses you.
You hit Fannar but do no damage. Your headbutt misses Fannar.
Fannar is almost dead.
You slash the ice beast! You hit the ice beast but do no damage.
The ice beast hits you.
* * * LOW HITPOINT WARNING * * *
The ice beast freezes you!
* * * LOW HITPOINT WARNING * * *
The ice beast hits you but does no damage.
You block Fannar's attack.
You barely miss Fannar.
Fannar is almost dead.
You closely miss the ice beast. x2; The ice beast closely misses you.
The ice beast hits you but does no damage.
Fannar casts a spell.
Fannar drains the heat from the surrounding environment!
You feel very cold.
You die...

######### #####
.......<##/...#
..[....[@...#
.......eYY.##
.......)#.##
..###.....# .
......##
#.#...#
.......#
...##.# ..


You could see Fannar and 2 ice beasts.

Vanquished Creatures
  Harold (D:10)
  2 two-headed ogres
  An unseen horror (D:10)
  Maurice (D:10)
  Joseph (D:7)
  A hornet (D:9)
  Prince Ribbit (D:6)
  3 hippogriffs
  10 yaks
  The ghost of Curus the Digger, an amateur GrEE (D:3)
  2 hell hounds (D:10)
  A hornet zombie (D:9)
  2 ice beasts
  2 sky beasts
  2 black bears
  6 orc warriors
  2 necrophages
  4 ogres
  A phantom (D:4)
  5 centaurs
  Blork the orc (D:5)
  A crocodile (D:9)
  A big kobold (D:9)
  4 bullfrogs
  A gnoll sergeant (D:9)
  3 scorpions
  2 killer bees (D:10)
  9 wights (D:9)
  2 crimson imps
  2 bullfrog zombies (D:5)
  6 hounds
  4 jellies
  4 orc priests
  4 orc wizards
  Crazy Yiuf (D:3)
  3 bullfrog skeletons
  A centaur skeleton (D:7)
  3 iguanas
  7 worker ants
  A howler monkey zombie (D:5)
  A worker ant zombie (D:9)
  A howler monkey skeleton (D:6)
  12 adders
  7 gnolls
  A shadow imp (D:9)
  An adder skeleton (D:5)
  An adder zombie (D:6)
  A worm (D:3)
  3 dart slugs
  6 leopard geckos
  29 orcs
  12 bats
  4 giant cockroaches
  9 goblins
  9 hobgoblins
  8 jackals
  10 kobolds
  7 quokkas
  8 frilled lizards
  A jackal skeleton (D:5)
  2 leopard gecko skeletons
  A leopard gecko zombie (D:6)
  A quokka skeleton (D:5)
  6 rats
250 creatures vanquished.

Notes
Turn   | Place    | Note
-------+----------+-------------------------------------------
     0 | D:1      | wojtek the Minotaur Fighter began the quest for the Orb.
     0 | D:1      | Reached XP level 1. HP: 19/19 MP: 0/0
    60 | D:1      | Reached skill level 3 in Axes
    75 | D:1      | Reached XP level 2. HP: 26/26 MP: 1/1
   345 | D:1      | Reached skill level 4 in Axes
   654 | D:1      | Reached XP level 3. HP: 31/31 MP: 2/2
  1078 | D:2      | Reached skill level 5 in Axes
  1101 | D:2      | Reached XP level 4. HP: 39/39 MP: 3/3
  1197 | D:2      | Found a sacrificial altar of Ru.
  1515 | D:3      | Found a shattered altar of Ashenzari.
  1596 | D:3      | Reached skill level 6 in Axes
  1756 | D:3      | Noticed Curus's ghost (amateur GrEE)
  1769 | D:3      | Killed Curus's ghost
  1769 | D:3      | Reached skill level 7 in Axes
  1769 | D:3      | Reached XP level 5. HP: 38/45 MP: 4/4
  2078 | D:3      | Found a runed door.
  2247 | D:3      | Noticed Crazy Yiuf
  2254 | D:3      | Killed Crazy Yiuf
  2300 | D:4      | Noticed an ogre
  2309 | D:4      | Killed an ogre
  2309 | D:4      | Reached skill level 8 in Axes
  2309 | D:4      | Reached XP level 6. HP: 5/51 MP: 5/5
  2583 | D:4      | You fall through a shaft!
  2583 | D:5      | Entered Level 5 of the Dungeon
  2675 | D:5      | Noticed Merlin's ghost (novice DsCK)
  2846 | D:4      | Reached skill level 1 in Dodging
  2992 | D:4      | Reached XP level 7. HP: 52/59 MP: 6/6
  3274 | D:4      | Found a glowing golden altar of the Shining One.
  3275 | D:4      | Found a stormy altar of Qazlal.
  3786 | D:4      | Found a glowing silver altar of Zin.
  4071 | D:5      | Noticed Blork the orc
  4093 | D:5      | Killed Blork the orc
  4126 | D:5      | Found an ancient bone altar of Kikubaaqudgha.
  4126 | D:5      | Found a snail-covered altar of Cheibriados.
  4126 | D:5      | Found a sparkling altar of Nemelex Xobeh.
  4510 | D:5      | Reached skill level 5 in Fighting
  4514 | D:5      | Reached skill level 5 in Armour
  4514 | D:5      | Reached skill level 5 in Shields
  4850 | D:5      | Reached XP level 8. HP: 66/68 MP: 7/7
  4901 | D:6      | Found Heiraol's Gadget Emporium.
  4914 | D:6      | Reached skill level 9 in Axes
  4940 | D:6      | Found Lothrum's General Store.
  5099 | D:6      | Found a hide-covered altar of Uskayaw.
  5545 | D:6      | Found Zal Witt's Assorted Antiques.
  5560 | D:6      | Bought 3 scrolls labeled WODURCHY ROSYIPN for 69 gold pieces
  5588 | D:6      | Found Ixtiem's Magic Scroll Shoppe.
  5722 | D:6      | Bought a scroll of teleportation for 42 gold pieces
  5722 | D:6      | Bought a scroll of fear for 49 gold pieces
  5722 | D:6      | Bought a scroll of blinking for 105 gold pieces
  5808 | D:6      | Noticed Prince Ribbit
  5951 | D:6      | Killed Prince Ribbit
  5980 | D:6      | Found Ruor Bemp's Distillery.
  5991 | D:6      | Reached XP level 9. HP: 78/78 MP: 8/8
  5995 | D:6      | Bought a potion of curing for 36 gold pieces
  5995 | D:6      | Bought a potion of heal wounds for 60 gold pieces
  6264 | D:7      | Found a staircase to the Ecumenical Temple.
  6406 | Temple   | Entered the Ecumenical Temple
  6488 | Temple   | Became a worshipper of Makhleb the Destroyer
  7067 | D:7      | Noticed Joseph
  7079 | D:7      | Reached skill level 1 in Invocations
  7082 | D:7      | Killed Joseph
  7082 | D:7      | Reached skill level 10 in Axes
  7082 | D:7      | Reached skill level 5 in Dodging
  7366 | D:8      | Found a snail-covered altar of Cheibriados.
  7755 | D:8      | Reached * piety under Makhleb
  7803 | D:8      | Got a dazzling whip
  7804 | D:8      | Identified the +2 whip of wojtek's Death {slash, *Slow +Inv rElec Stlth-} (You found it on level 8 of the Dungeon)
  8056 | D:8      | Reached XP level 10. HP: 52/86 MP: 10/12
  8677 | D:9      | Paralysed by a hornet for 1 turns
  8689 | D:9      | Reached skill level 5 in Invocations
  8866 | D:9      | Reached ** piety under Makhleb
  8889 | D:9      | Found Vaenejoh's Assorted Antiques.
  8891 | D:9      | Noticed a two-headed ogre
  8914 | D:9      | HP: 2/88 [two-headed ogre/giant club (8)]
  8916 | D:9      | Killed a two-headed ogre
  8919 | D:9      | Reached skill level 1 in Evocations
  9107 | D:9      | Bought a scroll labeled XAHUL DOST for 26 gold pieces
  9107 | D:9      | Bought a scroll labeled QYMISO LOTU for 26 gold pieces
  9452 | D:10     | Entered Level 10 of the Dungeon
  9518 | D:10     | Found a staircase to the Lair.
  9531 | D:10     | Reached skill level 11 in Axes
  9568 | D:10     | Killed an unseen horror
  9568 | D:10     | Reached XP level 11. HP: 46/95 MP: 14/14
  9802 | D:10     | Found a staircase to the Orcish Mines.
  9860 | D:10     | Noticed a two-headed ogre
  9864 | D:10     | Noticed Snorg
  9867 | D:10     | Killed a two-headed ogre
 10215 | D:10     | Noticed Maurice
 10329 | D:10     | Killed Maurice
 10363 | D:10     | Noticed Harold
 10373 | D:10     | Killed Harold
 10536 | D:11     | Noticed Fannar
 10572 | D:11     | Killed from afar by Fannar

Skill      XL: |  1  2  3  4  5  6  7  8  9 10 11 |
---------------+----------------------------------+-----
Axes           | 3 4 5 7 8 9 10 11 | 11.2
Dodging        | 1 2 4 5 6 7 |  7.3
Fighting       | 4 5 6 7 8 |  8.9
Armour         | 4 5 6 7 8 9 |  9.0
Shields        | 4 5 6 7 8 |  8.8
Invocations    | 4 6 7 |  7.0
Evocations     | 1 2 |  2.3

Action                   |  1- 3 |  4- 6 |  7- 9 | 10-12 || total
-------------------------+-------+-------+-------+-------++-------
Melee: War axe           |    89 |   148 |   302 |       ||   539
       Headbutt          |    12 |    25 |    67 |    61 ||   165
       Unarmed           |       |       |     4 |       ||     4
       Broad axe         |       |       |    52 |   247 ||   299
Evoke: Wand              |       |       |       |     4 ||     4
  Use: Scroll            |       |       |     1 |     2 ||     3
       Potion            |       |       |       |     1 ||     1
 Stab: Paralysed         |       |     1 |       |       ||     1
       Confused          |       |       |     1 |       ||     1
  Eat: Chunk             |     1 |     6 |    16 |     9 ||    32
Armor: Scale mail        |     5 |       |       |       ||     5
       Chain mail        |    57 |    79 |   140 |   153 ||   429
       Skin              |       |       |     1 |       ||     1
Dodge: Dodged            |    20 |    27 |    89 |   106 ||   242
Block: Shield            |    47 |    86 |   174 |   182 ||   489
